 Dungeon Crawl Stone Soup version 0.30-a0-802-gb92711bcdf (webtiles) character file.

Game seed: 9963855784978207894

16006 Newt the Fighter (level 12, -28/95 HPs)
             Began as a Demonspawn Gladiator on Feb 23, 2023.
             Was a High Priest of Jiyva.
             Annihilated by a death yak simulacrum (29 damage)
             ... on level 12 of the Dungeon.
             The game lasted 00:12:43 (9653 turns).

Newt the Fighter (Demonspawn Gladiator)             Turns: 9653, Time: 00:12:44

Health: -28/95     AC: 11    Str: 19    XL:     12   Next: 6%
Magic:  12/12      EV:  8    Int: 11    God:    Jiyva [*****.]
Gold:   336        SH:  0    Dex: 14    Spells: 11/11 levels left

rFire   + + .      SeeInvis .    t - +5 dagger
rCold   . . .      Faith    +    (no shield)
rNeg    . . .      Spirit   .    l - +1 steam dragon scales
rPois   .          Reflect  .    (helmet restricted)
rElec   .          Harm     .    u - +2 cloak
rCorr   +          Rampage  .    (no gloves)
Will    .....                    (boots unavailable)
Stlth   ++                       p - amulet of faith
HPRegen 1.79/turn                (no ring)
MPRegen 0.58/turn                (no ring)

@: mighty, held
A: hooves 3, large bone plates 1, demonic guardian 1, powered by pain 3, claws
1, horns 2, fire resistance 2, eyeballs 1, evolution 2, jelly absorbing
missiles, engulf, noise suppression
a: Renounce Religion, Oozemancy, Slimify


You were on level 12 of the Dungeon.
You worshipped Jiyva.
Jiyva was extremely pleased with you.
You visited 1 branch of the dungeon, and saw 12 of its levels.

You collected 405 gold pieces.
You spent 69 gold pieces at shops.

Inventory:

Hand Weapons
 a - a +1 vampiric rapier
 o - a +3 sling
 t - a +5 dagger (weapon)
 y - a +2 scimitar of flaming
Missiles
 k - 15 poisoned darts (quivered)
Armour
 b - a +0 leather armour
 c - a +0 helmet
 j - a +0 cloak
 l - +1 steam dragon scales (worn)
 u - a +2 cloak (worn)
Jewellery
 p - an amulet of faith (around neck)
 q - a ring of protection from cold
 A - a ring of ice
 B - a ring of positive energy
Wands
 r - a wand of roots (2)
 x - a wand of charming (11)
Scrolls
 g - 3 scrolls of enchant weapon
 n - a scroll of teleportation
 s - a scroll of poison
 w - a scroll of brand weapon
Potions
 d - a potion of heal wounds
 e - 2 potions of curing {unknown}
 f - a potion of invisibility
 h - 3 potions of attraction
 i - 3 potions of haste
 m - a potion of ambrosia {unknown}
 v - 2 potions of mutation {unknown}
 z - a potion of degeneration {unknown}


   Skills:
 - Level 9.0 Fighting
 - Level 7.0(8.3) Short Blades
 + Level 7.0(8.4) Long Blades
 - Level 3.9 Ranged Weapons
 - Level 5.0 Throwing
 - Level 8.0 Armour
 - Level 7.0 Dodging
 - Level 1.5 Stealth
 - Level 6.0 Evocations


You had 11 spell levels left.
You didn't know any spells.
Your spell library contained the following spells:

 Spells                   Type           Power      Damage    Failure   Level
 Apportation              Tloc           0%         N/A       34%         1
 Freeze                   Ice            0%         1d3       34%         1
 Necrotise                Necr           0%         1d4       34%         1
 Summon Small Mammal      Summ           0%         N/A       34%         1
 Frozen Ramparts          Ice            0%         1d1       71%         3
 Hailstorm                Conj/Ice       0%         3d3       71%         3


Dungeon Overview and Level Annotations

Branches:
Dungeon (12/15)            Temple (0/1) D:6            Lair (0/5) D:8
    Orc (0/2) D:9

Altars:
Ashenzari
Fedhas
Makhleb
Okawaru
Ru
Uskayaw
Vehumet
Yredelemnul
Jiyva

Shops:
D:1 (   D:2 !   D:5 *   D:6 (:*:(

Portals:
Ice
Cave: D:12

Annotations:
D:9 exclusions: oklob plant and oklob sapling
D:11 exclusion: obsidian statue


Innate Abilities, Weirdness & Mutations

You have hooves in place of feet.
You are partially covered in large bone plates. (SH +4)
A weak demonic guardian rushes to your aid.
You are powered by pain.
You have sharp fingernails.
You have a pair of horns on your head.
Your flesh is very heat resistant. (rF++)
Your body has grown eyes which may confuse attackers. (Acc +3)
You have great hidden genetic potential.
You have a small jelly attached to you that may absorb projectiles.
Your melee attacks may engulf your foes in ooze.
You passively dampen the noise of your surroundings.


Message History

You hear a distant slurping noise.
The gnoll sergeant misses you. Something barely misses you.
The gnoll throws a throwing net.
The throwing net hits you.
You become entangled in the net!
You see here a throwing net.
You tear a large gash into the net.
The gnoll hits you from afar with a +0 halberd.
The gnoll sergeant hits you from afar with a +0 spear.
The death yak simulacrum gores you. The death yak simulacrum freezes you!!
* * * LOW HITPOINT WARNING * * *
You shudder from the blow and a jelly pops out!
A demonic guardian appears!
You struggle against the net.
Something hits you.
* * * LOW HITPOINT WARNING * * *
You hear a distant slurping noise.
The gnoll sergeant hits you from afar with a +0 spear.
* * * LOW HITPOINT WARNING * * *
The gnoll barely misses you.
Your white imp gestures at the gnoll.
The puff of frost hits the gnoll!
You feel much better. The death yak simulacrum gores you.
The death yak simulacrum freezes you!
* * * LOW HITPOINT WARNING * * *
Your acid blob hits something!!
The acid corrodes something!
The gnoll barely misses your white imp.
The gnoll sergeant hits you from afar with a +0 spear!
* * * LOW HITPOINT WARNING * * *
A gnoll comes into view. It is wielding a +3 spear.
You struggle against the net.
Something hits you.
* * * LOW HITPOINT WARNING * * *
You hear a distant slurping noise.
Your acid blob spits acid at the death yak simulacrum.
The splash of acid hits the death yak simulacrum!
The acid corrodes the death yak simulacrum!
The death yak simulacrum gores you!
* * * LOW HITPOINT WARNING * * *
You focus on the pain.
You feel very mighty all of a sudden. The death yak simulacrum freezes you!!
You die...

###### # ###.#..## .. #####
#....5J.# ..#...###...g.@#
.# ............gZ## ..# ##
#........gg## ..#
...###........†..#######..#
##.......g#.......#...#...#
#.........####............#
......u.....######..(.(...#
.....Z...#..#####.......###
...g.g............#.....###


You could see a gnoll sergeant, 4 gnolls, a death yak simulacrum (corroded, ally
target), a friendly acid blob (summoned) and a friendly white imp (summoned).

Vanquished Creatures
  Fannar (D:11)
  Erica (D:11)
  3 two-headed ogres
  Nergalle (D:12)
  An ugly thing (D:12)
  A cyclops (D:8)
  A kobold demonologist (D:10)
  An unseen horror (D:11)
  A komodo dragon (D:12)
  2 trolls
  Prince Ribbit (D:8)
  3 shadows
  5 wraiths
  14 yaks
  5 wyverns
  4 steam dragons
  2 vampire mosquitoes (D:7)
  4 acid dragons
  Menkaure (D:6)
  6 water moccasins
  3 black bears
  An orc warrior (D:11)
  3 ice beasts
  A sky beast (D:7)
  3 ogres
  13 centaurs
  A phantom (D:9)
  2 kobold brigands
  3 bullfrogs
  4 scorpions
  3 necrophages (D:8)
  4 wights (D:9)
  2 troll zombies (D:9)
  8 killer bees
  An electric eel (D:11)
  5 howler monkeys
  A centaur zombie (D:8)
  5 hounds
  Crazy Yiuf (D:7)
  3 orc priests (D:11)
  A jelly (D:11)
  6 orc wizards
  An iguana (D:6)
  6 ogre zombies (D:9)
  5 gnolls
  A howler monkey zombie (D:8)
  6 adders
  2 worms
  3 dart slugs
  10 orcs
  8 ball pythons
  11 bats
  2 giant cockroaches
  6 goblins
  3 hobgoblins
  3 jackals (D:2)
  3 quokkas
  A frilled lizard (D:3)
  A goblin skeleton (D:9)
  3 goblin zombies (D:9)
  4 hobgoblin skeletons (D:9)
  A hobgoblin zombie (D:9)
  11 kobolds
  5 orc skeletons (D:9)
  10 orc zombies (D:9)
  4 rats
242 creatures vanquished.

Vanquished Creatures (collateral kills)
  A yak (D:8)
1 creature vanquished.

Vanquished Creatures (others)
  A basilisk (D:8)
  A sky beast (D:6)
  A black bear (D:6)
  A bullfrog (D:5)
  A scorpion (D:4)
  2 howler monkeys (D:5)
  4 hounds
  25 jellies
  An iguana (D:5)
  2 orc wizards (D:7)
  4 gnolls
  5 adders
  A white imp (D:7)
  A dart slug (D:3)
  8 orcs
  4 bats
  2 endoplasms
  A giant cockroach (D:3)
  2 hobgoblins (D:3)
  3 kobolds
  A quokka (D:3)
  2 ball pythons
  4 frilled lizards
  2 goblins
  A hobgoblin zombie (D:9)
  4 rats
  19 fungi
  51 plants
154 creatures vanquished.

Grand Total: 397 creatures vanquished

Notes
Turn   | Place    | Note
-------+----------+-------------------------------------------
     0 | D:1      | Newt the Demonspawn Gladiator began the quest for the Orb.
     0 | D:1      | Reached XP level 1. HP: 16/16 MP: 1/1
   112 | D:1      | Reached skill level 1 in Stealth
   196 | D:1      | Gained mutation: You sometimes gain a little power by
                  | taking damage. [demonic ancestry]
   196 | D:1      | Reached XP level 2. HP: 18/22 MP: 2/2
   263 | D:1      | Found a faded altar of an unknown god.
   297 | D:1      | Prayed at the altar of an unknown god.
   297 | D:1      | Became a worshipper of Jiyva Jooguhi the Shapeless
   297 | D:1      | Reached * piety under Jiyva
   363 | D:1      | Found Gaqank's Weapon Shoppe.
   919 | D:2      | Reached skill level 3 in Fighting
   925 | D:2      | Gained mutation: You have large cloven feet. [demonic
                  | ancestry]
   925 | D:2      | Reached XP level 3. HP: 27/29 MP: 3/3
   931 | D:2      | Found Serchuyfe's Distillery.
   984 | D:2      | Bought a potion of heal wounds for 50 gold pieces
   997 | D:2      | Noticed a scorpion
  1000 | D:2      | Reached ** piety under Jiyva
  1022 | D:2      | Killed a scorpion
  1023 | D:2      | Reached skill level 4 in Fighting
  1023 | D:2      | Gained mutation: You sometimes gain power by taking damage.
                  | [demonic ancestry]
  1023 | D:2      | Reached XP level 4. HP: 20/37 MP: 4/4
  1924 | D:3      | Gained mutation: You are partially covered in large bone
                  | plates. (SH +4) [demonic ancestry]
  1924 | D:3      | Reached XP level 5. HP: 33/42 MP: 5/5
  1957 | D:3      | Found a radiant altar of Vehumet.
  2098 | D:3      | Reached *** piety under Jiyva
  2291 | D:4      | Gained mutation: You have a small jelly attached to you
                  | that may absorb projectiles. [Jiyva's grace]
  2291 | D:4      | Gained mutation: Your flesh is heat resistant. (rF+)
                  | [Jiyva's grace]
  2291 | D:4      | Gained mutation: Your flesh is very heat resistant. (rF++)
                  | [Jiyva's grace]
  2291 | D:4      | Gained mutation: Your flesh is almost immune to the effects
                  | of heat. (rF+++) [Jiyva's grace]
  2503 | D:4      | Found a blossoming altar of Fedhas.
  2548 | D:4      | Found a broken altar of Ashenzari.
  2549 | D:4      | Found a hide-covered altar of Uskayaw.
  2668 | D:4      | Reached **** piety under Jiyva
  2723 | D:4      | Reached XP level 6. HP: 47/48 MP: 6/6
  2890 | D:5      | Entered Level 5 of the Dungeon
  3207 | D:5      | Found a sacrificial altar of Ru.
  3362 | D:5      | Found Feqis's Neck Hole.
  3518 | D:5      | Gained mutation: You have hoof-like feet. [demonic
                  | ancestry]
  3518 | D:5      | Reached XP level 7. HP: 54/54 MP: 7/7
  3810 | D:6      | Found Vocsy's Assorted Antiques.
  3819 | D:6      | Bought a scroll labelled ZUGYDE WIBIT for 19 gold pieces
  3845 | D:6      | Noticed Menkaure
  3857 | D:6      | Killed Menkaure
  3858 | D:6      | Reached skill level 5 in Throwing
  4079 | D:6      | Found Tifoewy's Weapon Boutique.
  4080 | D:6      | Reached ***** piety under Jiyva
  4417 | D:6      | Found Mokeo's Book Shoppe.
  4434 | D:6      | Found Ufaqan's Weapon Boutique.
  4532 | D:6      | Found Aviot's Book Boutique.
  4599 | D:6      | Found a staircase to the Ecumenical Temple.
  4670 | D:7      | Reached skill level 5 in Fighting
  4670 | D:7      | Gained mutation: You have hooves in place of feet. [demonic
                  | ancestry]
  4670 | D:7      | Reached XP level 8. HP: 61/62 MP: 8/8
  4750 | D:7      | HP: 3/63 [black bear (11)]
  4752 | D:7      | Reached skill level 6 in Fighting
  4763 | D:7      | Reached skill level 1 in Ranged Weapons
  4845 | D:7      | Lost mutation: Your flesh is almost immune to the effects
                  | of heat. (rF+++) [Jiyva's grace]
  4845 | D:7      | Lost mutation: You have a small jelly attached to you that
                  | may absorb projectiles. [Jiyva's grace]
  4845 | D:7      | Gained mutation: Your body has grown eyes which may confuse
                  | attackers. (Acc +3) [Jiyva's grace]
  4845 | D:7      | Gained mutation: Your body has grown many eyes which may
                  | confuse attackers. (Acc +5) [Jiyva's grace]
  4845 | D:7      | Gained mutation: Your body is covered in eyes which may
                  | confuse attackers. (Acc +7, SInv) [Jiyva's grace]
  4845 | D:7      | Gained mutation: Your melee attacks may engulf your foes in
                  | ooze. [Jiyva's grace]
  4933 | D:7      | Reached skill level 5 in Short Blades
  4938 | D:7      | Found an iron altar of Okawaru.
  5145 | D:7      | Found a burning altar of Makhleb.
  5258 | D:7      | Gained mutation: A weak demonic guardian rushes to your
                  | aid. [demonic ancestry]
  5258 | D:7      | Reached XP level 9. HP: 69/69 MP: 9/9
  5517 | D:7      | Found a runed translucent door.
  5518 | D:7      | Noticed Crazy Yiuf
  5704 | D:7      | Killed Crazy Yiuf
  5825 | D:8      | Noticed Prince Ribbit
  5838 | D:8      | Killed Prince Ribbit
  5839 | D:8      | Reached skill level 5 in Dodging
  5938 | D:8      | Gained mutation: You are powered by pain. [demonic
                  | ancestry]
  5938 | D:8      | Reached XP level 10. HP: 76/76 MP: 10/10
  5995 | D:8      | Noticed a cyclops
  6007 | D:8      | Reached skill level 5 in Armour
  6009 | D:8      | Killed a cyclops
  6041 | D:8      | Reached skill level 7 in Fighting
  6051 | D:8      | Reached skill level 8 in Fighting
  6310 | D:8      | Found a basalt altar of Yredelemnul.
  6379 | D:8      | Found a staircase to the Lair.
  6638 | D:9      | Reached skill level 9 in Fighting
  6641 | D:9      | Reached skill level 1 in Evocations
  6843 | D:9      | Found a staircase to the Orcish Mines.
  6868 | D:9      | Reached XP level 11. HP: 89/89 MP: 11/11
  6980 | D:9      | Reached skill level 5 in Evocations
  7107 | D:9      | Lost mutation: Your body is covered in eyes which may
                  | confuse attackers. (Acc +7, SInv) [Jiyva's grace]
  7107 | D:9      | Gained mutation: You have a small jelly attached to you
                  | that may absorb projectiles. [Jiyva's grace]
  7107 | D:9      | Gained mutation: You have a pair of small horns on your
                  | head. [Jiyva's grace]
  7107 | D:9      | Gained mutation: You have a pair of horns on your head.
                  | [Jiyva's grace]
  7107 | D:9      | Gained mutation: You have a pair of large horns on your
                  | head. [Jiyva's grace]
  7188 | D:9      | Noticed an oklob plant
  7576 | D:10     | Entered Level 10 of the Dungeon
  8282 | D:10     | Noticed a two-headed ogre
  8292 | D:10     | Killed a two-headed ogre
  8611 | D:11     | Noticed a two-headed ogre
  8621 | D:11     | Killed a two-headed ogre
  8683 | D:11     | Reached skill level 1 in Long Blades
  8685 | D:11     | Noticed Fannar
  8707 | D:11     | Killed Fannar
  8770 | D:11     | Lost mutation: You have a pair of large horns on your head.
                  | [Jiyva's grace]
  8770 | D:11     | Lost mutation: Your body has grown many eyes which may
                  | confuse attackers. (Acc +5) [Jiyva's grace]
  8770 | D:11     | Gained mutation: You have hidden genetic potential.
                  | [Jiyva's grace]
  8770 | D:11     | Gained mutation: You have great hidden genetic potential.
                  | [Jiyva's grace]
  8770 | D:11     | Gained mutation: You passively dampen the noise of your
                  | surroundings. [Jiyva's grace]
  8770 | D:11     | Gained mutation: You have sharp fingernails. [Jiyva's
                  | grace]
  8818 | D:11     | Noticed an obsidian statue
  8975 | D:11     | Noticed a two-headed ogre
  8987 | D:11     | Killed a two-headed ogre
  8988 | D:11     | Reached skill level 5 in Long Blades
  9176 | D:11     | Noticed Erica
  9188 | D:11     | Killed Erica
  9524 | D:12     | Noticed Nergalle
  9544 | D:12     | Killed Nergalle
  9581 | D:12     | Reached XP level 12. HP: 78/90 MP: 12/12
  9622 | D:12     | Found a frozen archway.
  9653 | D:12     | HP: 1/95 [death yak simulacrum (12)]
  9653 | D:12     | Annihilated by a death yak simulacrum

Illustrated notes

Levels and vault maps discovered:
D:1:      heliophobic_arrival_glass_houses, layout_loops_ring,
          hellmonk_ecumenical_altar_crossroads, serial_shops,
          nicolae_shop_bloodbath_and_beyond
D:2:      layout_rooms, basic_altar, serial_shops, shop, minmay_cupped
D:3:      layout_loops_ring, nicolae_overflow_hidden_temple, minmay_mini_jars
D:4:      old_forge, layout_rooms, gammafunk_temple_overflow_forgotten,
          minmay_tree_intersection
D:5:      layout_loops_ring, mainiacjoe_overflow_boulevard,
          nicolae_shop_sticking_my_neck_out
D:6:      layout_basic, minmay_temple_entry_drinking_statues, serial_shops,
          nicolae_take_the_stairs, shop, kennysheep_mini_moat,
          nicolae_shop_stone, nicolae_shop_crystal, uniq_menkaure
D:7:      layout_loops_ring, okawaru_ov_weapons_minmay,
          overflow_temple_1_default, kennysheep_mini, serial_bayou_crossing,
          uniq_crazy_yiuf_cottage
D:8:      layout_loops_ring, lemuel_zombie_altar_yredelemnul,
          minmay_lair_entry_grove, uniq_prince_ribbit1
D:9:      layout_loops_ring, zombieorc2_lemuel, minmay_misc_feat_secret_circle,
          introduction_to_nature_2
D:10:     layout_basic, grunt_decor_arrowhead
D:11:     layout_basic, minivault_16, kennysheep_generic_room_4, uniq_erica,
          uniq_fannar
D:12:     hourglass_vault, layout_cave_pools,
          portal_ice_cave_entry_ice_simulacra, minmay_beelzebubs_servants,
          uniq_nergalle

Skill      XL: |  1  2  3  4  5  6  7  8  9 10 11 12 |
---------------+-------------------------------------+-----
Stealth        | 1 |  1.5
Fighting       | 3 4 5 6 9 |  9.0
Short Blades   | 3 4 5 7 |  7.0
Dodging        | 4 7 |  7.0
Throwing       | 2 4 5 |  5.0
Armour         | 3 4 6 8 |  8.0
Ranged Weapons | 3 |  3.9
Evocations     | 4 6 |  6.0
Long Blades    | 6 7 |  7.0

Action                     |  1- 3 |  4- 6 |  7- 9 | 10-12 || total
---------------------------+-------+-------+-------+-------++-------
  Melee: Rapier            |   105 |   160 |   279 |   125 ||   669
         Kick              |     9 |    37 |    95 |   203 ||   344
         Punch             |       |       |     3 |    11 ||    14
         Dagger            |       |       |       |   350 ||   350
         Headbutt          |       |       |       |    70 ||    70
  Throw: Throwing net      |     1 |     1 |     4 |       ||     6
         Javelin           |     1 |       |       |       ||     1
         Dart              |       |       |     3 |     6 ||     9
 Invoke: Oozemancy         |       |       |     1 |     3 ||     4
         Slimify           |       |       |       |     1 ||     1
  Evoke: Wand              |       |       |       |     1 ||     1
    Use: Scroll            |       |     3 |     3 |     6 ||    12
         Potion            |       |       |     3 |     1 ||     4
   Stab: Sleeping          |       |     1 |       |       ||     1
         Held in net/web   |       |       |     2 |       ||     2
         Confused          |       |       |    11 |    21 ||    32
         Distracted        |       |       |       |     1 ||     1
 Armour: Leather armour    |    45 |    42 |    67 |       ||   154
         Steam dragon scal |       |       |     1 |   122 ||   123
  Dodge: Dodged            |    99 |    79 |   171 |   290 ||   639
  Block: Other             |       |    28 |    47 |    64 ||   139

Table legend: (Time is in decaauts)
 A = Elapsed time spent in this place.
 B = Non-inter-level travel time spent in this place.
 C = Inter-level travel time spent in this place.
 D = Time resting spent in this place.
 E = Time spent auto-exploring this place.
 F = Levels seen in this place.
 G = Mean time per level.
                   A        B        C        D        E       F      G
               +--------+--------+--------+--------+--------+-----+--------+
         Total |   9521 |   9134 |    387 |   1081 |   6328 |  12 |  793.4 |
       Dungeon |   9521 |   9134 |    387 |   1081 |   6328 |  12 |  793.4 |
               +--------+--------+--------+--------+--------+-----+--------+

Top non-repeatable levels by time:
     D:7: 1098 daAuts
     D:9: 999 daAuts
    D:11: 977 daAuts
     D:6: 922 daAuts
    D:10: 913 daAuts
     D:1: 905 daAuts
     D:5: 845 daAuts
     D:8: 754 daAuts
     D:2: 700 daAuts
     D:3: 692 daAuts
     D:4: 599 daAuts
    D:12: 112 daAuts
